 Dungeon Crawl Stone Soup version 0.30.1-9-gdf580d7c3d (webtiles) character file.

Game seed: 17084358055938468903

19532 Legs the Fighter (level 12, -1/124 HPs)
             Began as a Minotaur Berserker on Oct 9, 2023.
             Was an Elder of Trog.
             Slain by a 14-headed hydra (7 damage)
             ... on level 3 of the Lair of Beasts on Oct 10, 2023.
             The game lasted 01:26:30 (12268 turns).

Legs the Fighter (Minotaur Berserker)              Turns: 12268, Time: 01:26:30

Health: -1/124     AC: 10    Str: 27    XL:     12   Next: 37%
Magic:  11/11      EV: 18    Int:  4    God:    Trog [****..]
Gold:   863        SH:  0    Dex: 10    Spells: 11/11 levels left

rFire   . . .        D - +4 scimitar (spect)
rCold   . . .        (no shield)
rNeg    . . .        H - +1 scale mail
rPois   .            (helmet unavailable)
rElec   .            (no cloak)
rCorr   .            (no gloves)
SInv    +            (no boots)
Will    .....        B - amulet of regeneration Stlth
                     w - +5 ring of evasion
HPRegen 1.20/turn    v - ring of see invisible
MPRegen 0.12/turn

%: clarity
@: no status effects
A: horns 3, retaliatory headbutt, clarity, sense surroundings 1, robust 1,
screaming 1
a: Renounce Religion, Berserk, Trog's Hand, Brothers in Arms


You were on level 3 of the Lair of Beasts.
You worshipped Trog.
Trog was greatly pleased with you.
You visited 3 branches of the dungeon, and saw 13 of its levels.

You collected 863 gold pieces.

Inventory:

Hand Weapons
 b - a +0 flail
 l - a +3 sling
 n - a +0 war axe
 o - a +3 dagger of venom
 y - a +2 heavy trident
 D - a +4 spectral scimitar (weapon)
 E - a +0 quarterstaff of freezing
 I - a +0 falchion
 M - a +0 dire flail
 N - a +1 dagger of draining
 O - a +0 vampiric short sword
Missiles
 i - 67 stones (quivered)
 L - 2 javelins
Armour
 s - a +0 chain mail
 H - a +1 scale mail (worn)
 J - a +1 robe of cold resistance
Jewellery
 f - a ring of fire
 m - a ring of fire
 t - a +6 ring of intelligence
 v - a ring of see invisible (right hand)
 w - a +5 ring of evasion (left hand)
 B - an amulet of regeneration (around neck)
 K - a ring of ice
Scrolls
 a - 2 scrolls of magic mapping
 c - 2 scrolls of fear
 e - 2 scrolls of immolation
 g - a scroll of silence
 h - a scroll of poison
 k - 2 scrolls of enchant weapon {unknown}
 r - a scroll of enchant armour
 x - a scroll of brand weapon
 P - a scroll of teleportation
Potions
 d - a potion of invisibility {unknown}
 j - 2 potions of flight
 q - 2 potions of might
 u - 2 potions of lignification
 z - 3 potions of mutation
 A - a potion of resistance
 C - a potion of curing
 F - a potion of haste
 G - a potion of heal wounds
Miscellaneous
 p - a phial of floods


   Skills:
 + Level 12.6 Fighting
 - Level 9.0 Long Blades
 - Level 11.3 Maces & Flails
 + Level 1.3 Ranged Weapons
 + Level 2.3 Throwing
 + Level 12.3 Armour
 + Level 9.1 Dodging
 + Level 2.4 Stealth
 + Level 2.0 Evocations


You had 11 spell levels left.
You didn't know any spells.
Your spell library was empty.

Dungeon Overview and Level Annotations

Branches:
Dungeon (9/15)             Temple (1/1) D:4            Lair (3/5) D:9
 Shoals (0/4) Lair:3        Snake (0/4) Lair:3
    Orc: D:9-12

Altars:
Ashenzari
Cheibriados
Dithmenos
Elyvilon
Fedhas
Hepliaklqana
Kikubaaqudgha
Makhleb
Nemelex Xobeh
Okawaru
Qazlal
Ru
Sif Muna
Trog
Uskayaw
Vehumet
Wu Jian
Yredelemnul
The Shining One

Shops:
D:2 *   D:5 =

Portals:
Abyss: D:7

Annotations:
D:3 1 runed translucent door, booth's ghost, amateur DsMo
D:7 2 transporters, lonewolfV2's ghost, novice FoFi


Innate Abilities, Weirdness & Mutations

You have a pair of large horns on your head.
You reflexively headbutt those who attack you in melee.
You possess an exceptional clarity of mind.
You passively map a small area around you.
You are robust. (+10% HP)
You occasionally shout uncontrollably at your foes.


Message History

The 13-headed hydra is severely wounded.
Your +4 spectral scimitar hits the 13-headed hydra.
Your +4 spectral scimitar slices one of the 13-headed hydra's heads off!
The 12-headed hydra grows two more!
The 14-headed hydra closely misses you.
The 14-headed hydra completely misses you.
The 14-headed hydra misses you. The 14-headed hydra bites you.
The 14-headed hydra closely misses you. The 14-headed hydra barely misses you.
The 14-headed hydra bites you!
The 14-headed hydra bites you but does no damage.
The 14-headed hydra barely misses you. The 14-headed hydra closely misses you.
The 14-headed hydra bites you but does no damage.
The 14-headed hydra bites you!
* * * LOW HITPOINT WARNING * * *
The 14-headed hydra barely misses you.
The 14-headed hydra bites you but does no damage.
Your +4 spectral scimitar disappears.
The 14-headed hydra bites you but does no damage.
The 14-headed hydra bites you.
* * * LOW HITPOINT WARNING * * *
The 14-headed hydra bites you but does no damage.
The 14-headed hydra barely misses you. x2; The 14-headed hydra misses you.
The 14-headed hydra bites you but does no damage. x4
The 14-headed hydra bites you!
* * * LOW HITPOINT WARNING * * *
The 14-headed hydra bites you.
* * * LOW HITPOINT WARNING * * *
The 14-headed hydra closely misses you. The 14-headed hydra bites you.
* * * LOW HITPOINT WARNING * * *
You feel much better. The 14-headed hydra bites you!
* * * LOW HITPOINT WARNING * * *
The 14-headed hydra completely misses you.
The 14-headed hydra closely misses you. The 14-headed hydra bites you!
* * * LOW HITPOINT WARNING * * *
The 14-headed hydra bites you.
* * * LOW HITPOINT WARNING * * *
The 14-headed hydra bites you but does no damage.
The 14-headed hydra closely misses you. The 14-headed hydra bites you.
* * * LOW HITPOINT WARNING * * *
The 14-headed hydra misses you. The 14-headed hydra bites you!
You die...

............# #...##.
............# #......
.###.......## ### #### ##......
..##........###.###.P### #.......
...........##..........###P.....#
.........................##....##
........................###...##
..<..............D......###.>..##
.~~~~...........@........P#.....#
~~~~.....†.......<............P##
#.#~.....†....................##
.>.~~.........................#
#.#~.....................##...#
~~~~~..........#P...##.###....###
~~......................##....##.
P.P.....................##.......
.......................###.......


You could see a 14-headed hydra.

Vanquished Creatures
  Fannar (Lair:2)
  Erica (D:8)
  2 skysharks
  A harpy (Lair:3)
  Pikel (D:5)
  Joseph (D:8)
  5 black mambas
  A torpor snail (Lair:2)
  3 cane toads
  A gargoyle (D:7)
  4 komodo dragons
  A rime drake (Lair:3)
  A polar bear (Lair:2)
  11 dream sheep
  24 yaks
  A spriggan (Lair:3)
  A shadow (D:9)
  4 wyverns
  4 basilisks
  2 steam dragons
  10 water moccasins
  An ice beast (D:7)
  2 sky beasts
  10 black bears
  2 centaurs
  An ogre (D:7)
  3 wolves (Lair:1)
  A lemure (D:5)
  10 bullfrogs
  3 scorpions
  An electric eel (Lair:3)
  10 howler monkeys
  A crimson imp (D:6)
  An orc priest (D:7)
  A jelly (D:6)
  A hound (D:6)
  A gnoll bouda (D:7)
  Jessica (D:3)
  An iguana (D:6)
  6 orc wizards
  4 gnolls (D:7)
  6 adders
  2 shadow imps
  A white imp (D:3)
  An ufetubus (D:6)
  A worm (D:4)
  2 dart slugs
  25 orcs
  4 bats
  7 endoplasms
  2 giant cockroaches
  8 goblins
  8 hobgoblins
  15 jackals
  7 kobolds
  4 quokkas
  7 ball pythons
  A frilled lizard (D:3)
  7 rats
249 creatures vanquished.

Notes
Turn   | Place    | Note
-------+----------+-------------------------------------------
     0 | D:1      | Legs the Minotaur Berserker began the quest for the Orb.
     0 | D:1      | Reached XP level 1. HP: 19/19 MP: 0/0
   976 | D:1      | Reached XP level 2. HP: 27/27 MP: 1/1
  1258 | D:1      | Reached XP level 3. HP: 32/33 MP: 2/2
  1637 | D:2      | Found a sacrificial altar of Ru.
  1918 | D:2      | Reached ** piety under Trog
  1998 | D:2      | Found Ceaf's General Store.
  2594 | D:3      | Reached XP level 4. HP: 40/41 MP: 3/3
  2688 | D:2      | Gained mutation: You are agile. (Dex +4, Str/Int -1)
                  | [potion of mutation]
  2688 | D:2      | Gained mutation: You are somewhat resistant to further
                  | mutation. [potion of mutation]
  2689 | D:2      | Lost mutation: You are somewhat resistant to further
                  | mutation. [potion of mutation]
  2689 | D:2      | Lost mutation: You are agile. (Dex +4, Str/Int -1) [potion
                  | of mutation]
  2689 | D:2      | Gained mutation: You occasionally lose the ability to drink
                  | potions when taking damage. [potion of mutation]
  2689 | D:2      | Gained mutation: You are agile. (Dex +4, Str/Int -1)
                  | [potion of mutation]
  2742 | D:3      | Reached skill level 5 in Maces & Flails
  3004 | D:3      | Noticed Jessica
  3022 | D:3      | Killed Jessica
  3025 | D:3      | Lost mutation: You occasionally lose the ability to drink
                  | potions when taking damage. [potion of mutation]
  3025 | D:3      | Lost mutation: You are agile. (Dex +4, Str/Int -1) [potion
                  | of mutation]
  3025 | D:3      | Gained mutation: Your movements are slightly less
                  | encumbered by armour. (ER -2) [potion of mutation]
  3141 | D:3      | Reached XP level 5. HP: 47/47 MP: 4/4
  3303 | D:3      | Found a runed translucent door.
  3304 | D:3      | Noticed booth's ghost (amateur DsMo)
  3365 | D:4      | Found an ancient bone altar of Kikubaaqudgha.
  3391 | D:4      | Reached skill level 5 in Fighting
  3391 | D:4      | Reached skill level 1 in Ranged Weapons
  3494 | D:4      | Lost mutation: Your movements are slightly less encumbered
                  | by armour. (ER -2) [potion of mutation]
  3494 | D:4      | Gained mutation: You are frail. (-10% HP) [potion of
                  | mutation]
  3494 | D:4      | Gained mutation: You are agile. (Dex +4, Str/Int -1)
                  | [potion of mutation]
  3495 | D:4      | Found a staircase to the Ecumenical Temple.
  3501 | D:4      | Reached skill level 1 in Stealth
  3501 | D:4      | Reached XP level 6. HP: 47/50 MP: 5/5
  3522 | Temple   | Entered the Ecumenical Temple
  3857 | D:4      | Lost mutation: You are frail. (-10% HP) [potion of
                  | mutation]
  3857 | D:4      | Lost mutation: You are agile. (Dex +4, Str/Int -1) [potion
                  | of mutation]
  3857 | D:4      | Gained mutation: You occasionally shout uncontrollably at
                  | your foes. [potion of mutation]
  3857 | D:4      | Gained mutation: You have hidden genetic potential. [potion
                  | of mutation]
  3857 | D:4      | Gained mutation: You passively map a small area around you.
                  | [potion of mutation]
  3857 | D:4      | Gained mutation: You have a pair of large horns on your
                  | head. [potion of mutation]
  4635 | D:5      | Entered Level 5 of the Dungeon
  4764 | D:5      | Reached *** piety under Trog
  4800 | D:5      | Found Zedgh's Jewellery Emporium.
  4855 | D:5      | Noticed Pikel
  5085 | D:5      | Killed Pikel
  5086 | D:5      | Reached XP level 7. HP: 42/63 MP: 6/6
  5091 | D:5      | Gained mutation: You are robust. (+10% HP) [hidden
                  | potential]
  5229 | D:5      | Found a basalt altar of Yredelemnul.
  5236 | D:5      | Reached XP level 8. HP: 61/77 MP: 7/7
  5241 | D:5      | Reached skill level 1 in Throwing
  5708 | D:6      | Found a white marble altar of Elyvilon.
  5709 | D:6      | Found a blossoming altar of Fedhas.
  5710 | D:6      | Found a shimmering blue altar of Sif Muna.
  5793 | D:6      | Reached skill level 5 in Armour
  5857 | D:6      | Reached skill level 5 in Dodging
  6031 | D:6      | Reached skill level 1 in Evocations
  6039 | D:6      | Gained mutation: You possess an exceptional clarity of
                  | mind. [hidden potential]
  6039 | D:6      | Lost mutation: You have hidden genetic potential. [hidden
                  | potential expressed]
  6255 | D:6      | Reached XP level 9. HP: 49/86 MP: 8/8
  6415 | D:6      | Found a burning altar of Makhleb.
  7059 | D:7      | Reached skill level 10 in Maces & Flails
  7146 | D:7      | Found a transporter.
  7189 | D:7      | Reached **** piety under Trog
  7198 | D:7      | Noticed a gargoyle
  7204 | D:7      | Killed a gargoyle
  7337 | D:7      | Noticed a cyan ugly thing
  7342 | D:7      | Noticed a purple ugly thing
  7343 | D:7      | Found a one-way gate to the infinite horrors of the Abyss.
  7354 | D:7      | Noticed lonewolfV2's ghost (novice FoFi)
  7397 | D:7      | Found a stormy altar of Qazlal.
  7397 | D:7      | Found a sacrificial altar of Ru.
  7553 | D:7      | Found a transporter.
  7687 | D:7      | Reached XP level 10. HP: 56/99 MP: 9/9
  7939 | D:8      | Noticed Erica
  7953 | D:8      | Killed Erica
  8218 | D:8      | Reached skill level 1 in Long Blades
  8222 | D:8      | Noticed Joseph
  8239 | D:8      | Killed Joseph
  8343 | D:8      | Found a hazy altar of Hepliaklqana.
  9086 | D:9      | Reached skill level 5 in Long Blades
  9249 | D:9      | Found a staircase to the Lair.
  9347 | Lair:1   | Entered Level 1 of the Lair of Beasts
  9518 | Lair:1   | Reached XP level 11. HP: 58/108 MP: 10/10
  9734 | Lair:1   | Reached skill level 10 in Fighting
 10052 | Lair:1   | Reached skill level 10 in Armour
 10449 | Lair:2   | Noticed Fannar
 10466 | Lair:2   | Killed Fannar
 10691 | Lair:2   | Noticed a skyshark
 10699 | Lair:2   | Killed a skyshark
 11121 | Lair:2   | Reached XP level 12. HP: 122/122 MP: 11/11
 11507 | Lair:3   | Found a staircase to the Shoals.
 11586 | Lair:3   | Found a staircase to the Snake Pit.
 11617 | Lair:3   | Noticed a seven-headed hydra
 12267 | Lair:3   | HP: 5/124 [14-headed hydra (6)]
 12268 | Lair:3   | Slain by a 14-headed hydra

Illustrated notes

Levels and vault maps discovered:
D:1:      giann_horns, layout_loops_ring, st_stairs_11
D:2:      layout_basic, serial_shops, shop, basic_altar
D:3:      layout_loops_ring, gammafunk_ghost_grave, uniq_jessica
D:4:      layout_basic, mainiacjoe_overflow_paths,
          minmay_temple_entry_mini_moons, dk_vineyard_2
D:5:      layout_loops_ring, yredelemnul_altar_generic, serial_shops, shop,
          uniq_pikel
D:6:      layout_gridville, chequers_temple_overflow_statue_of_worship,
          makhleb_grotto_becter, nicolae_figureground_sparkle
D:7:      layout_basic, mainiacjoe_overflow_divided_tiny,
          gammafunk_ghost_abyssal_escape, serial_bayou_ford_a,
          minmay_three_doors
D:8:      layout_basic, general_overflow_altar, uniq_joseph, uniq_erica
D:9:      layout_irregular_city, minmay_lair_entry_grove
Temple:   jpeg_temple_alley_garden
Lair:1:   layout_concentric_octagons, serial_bayou_shore_b, lemuel_fruit_tree,
          grunt_megastairs_1
Lair:2:   layout_gridlike, uniq_fannar
Lair:3:   layout_gridlike, nicolae_shoals_entry_roost, dummy_snake_entry,
          wad_woods_03, serial_bayou_shore_a, infiniplex_staircase_pool_2

Skill      XL: |  1  2  3  4  5  6  7  8  9 10 11 12 |
---------------+-------------------------------------+-----
Maces & Flails | 4 5 6 7 8 9 11 | 11.3
Fighting       | 4 5 6 7 8 9 11 12 | 12.6
Ranged Weapons | 1 |  1.3
Dodging        | 3 4 5 6 7 8 9 |  9.1
Stealth        | 1 2 |  2.4
Armour         | 4 6 7 9 11 12 | 12.3
Throwing       | 1 2 |  2.3
Evocations     | 1 2 |  2.0
Long Blades    | 7 9 |  9.0

Action                     |  1- 3 |  4- 6 |  7- 9 | 10-12 || total
---------------------------+-------+-------+-------+-------++-------
  Melee: Mace              |    80 |   111 |    67 |       ||   258
         Headbutt          |    11 |    19 |    36 |    79 ||   145
         Punch             |       |     1 |       |     3 ||     4
         Flail             |       |       |   128 |     9 ||   137
         Scimitar          |       |       |       |   327 ||   327
   Fire: Sling             |     3 |       |       |       ||     3
  Throw: Stone             |     3 |     4 |     2 |       ||     9
         Javelin           |       |       |     2 |     4 ||     6
 Invoke: Berserk           |       |       |       |     3 ||     3
         Trog's Hand       |       |       |       |     2 ||     2
         Brothers in Arms  |       |       |       |     1 ||     1
  Evoke: Wand              |       |     4 |     7 |       ||    11
    Use: Scroll            |     1 |     5 |     4 |    12 ||    22
         Potion            |       |     7 |     2 |     3 ||    12
 Armour: Animal skin       |    18 |    10 |       |       ||    28
         Ring mail         |       |     5 |    41 |    12 ||    58
         Scale mail        |       |       |       |    92 ||    92
  Dodge: Dodged            |    47 |    87 |   135 |   348 ||   617
